 Dungeon Crawl Stone Soup version 0.28-a0-938-gbc3f381 (webtiles) character file.

Game seed: 13579021221243553555

644 Ayyar the Cudgeller (level 7, 0/43 HPs)
             Began as a Gargoyle Fighter on Nov 27, 2021.
             Slain by Blork the orc (3 damage)
             ... on level 4 of the Dungeon.
             The game lasted 00:11:22 (4021 turns).

Ayyar the Cudgeller (Gargoyle Fighter)              Turns: 4021, Time: 00:11:23

Health: 0/43       AC: 16    Str: 21    XL:     7   Next: 52%
Magic:  7/7        EV:  9    Int:  9    God:
Gold:   120        SH:  5    Dex:  9    Spells: 6/6 levels left

rFire   . . .      SeeInvis .   j - +1 mace (protect)
rCold   . . .      Faith    .   c - +0 buckler
rNeg    + . .      Spirit   .   b - +0 scale mail
rPois   ∞          Reflect  .   (no helmet)
rElec   +          Harm     .   o - +0 cloak
rCorr   .          Rampage  .   (no gloves)
Will    .....                   q - +2 pair of boots
Stlth   ..........              (no amulet)
HPRegen 0.14/turn               (no ring)
MPRegen 0.10/turn               (no ring)

@: no status effects
A: sickness immunity, AC +4, negative energy resistance 1, electricity
resistance, torment resistance 1, petrification resistance
a: no special abilities


You were on level 4 of the Dungeon.
You visited 1 branch of the dungeon, and saw 4 of its levels.

You collected 120 gold pieces.

Inventory:

Hand Weapons
 a - a +0 flail
 j - a +1 mace of protection (weapon)
 r - a +0 mace of holy wrath
Missiles
 t - 18 poisoned darts (quivered)
Armour
 b - a +0 scale mail (worn)
 c - a +0 buckler (worn)
 l - a +0 pair of boots
 o - a +0 cloak (worn)
 q - a +2 pair of boots (worn)
Jewellery
 e - a ring of fire
Wands
 n - a wand of flame (9)
Scrolls
 f - a scroll of amnesia {unknown}
 g - a scroll of vulnerability {unknown}
 h - 5 scrolls of identify {unknown}
 i - a scroll of blinking {unknown}
 k - 2 scrolls of teleportation {unknown}
 s - a scroll of enchant weapon {unknown}
Potions
 d - a potion of might
 m - a potion of magic {unknown}
 p - a potion of attraction {unknown}
 u - a potion of heal wounds {unknown}
 v - a potion of degeneration {unknown}


   Skills:
 - Level 4.0 Fighting
 * Level 6.1 Maces & Flails
 - Level 4.0 Armour
 * Level 5.9 Shields


You had 6 spell levels left.
You didn't know any spells.
Your spell library was empty.

Dungeon Overview and Level Annotations

Branches:
Dungeon (4/15)
 Temple: D:4-7

Altars:

Shops:
D:2 *   D:3 :   D:4 =

Annotations:
D:4 Blork the orc


Innate Abilities, Weirdness & Mutations

You are immune to sickness and miasma.
Your stone body is resilient. (AC +4)
You are immune to poison.
You resist negative energy. (rN+)
You are resistant to electric shocks. (rElec)
You are resistant to unholy torment.
You are immune to petrification.


Message History

You kill the hobgoblin!
Throw: 22 darts (poison)
Press: ? - help, Q - select action, (/) - cycle Shift-Dir - straight line, f - Blork the orc
Aim: Blork the orc, wielding a +3 halberd of flaming and wearing a +0 robe (moderately wounded, 60% to hit)
You throw a poisoned dart. The poisoned dart hits Blork the orc.
Blork the orc is poisoned.
Blork the orc is moderately wounded.
Throw: 21 darts (poison)
Press: ? - help, Q - select action, (/) - cycle Shift-Dir - straight line, f/p - Blork the orc
Aim: Blork the orc, wielding a +3 halberd of flaming and wearing a +0 robe (moderately wounded, poisoned, 60% to hit)
You throw a poisoned dart.
The poisoned dart completely misses Blork the orc.
Blork the orc looks braver for a moment.
Blork the orc looks more healthy.
Blork the orc mumbles some strange words.
Blork the orc seems to speed up.
Blork the orc casts a spell at you. The puff of flame hits you!
Throw: 20 darts (poison)
Press: ? - help, Q - select action, (/) - cycle Shift-Dir - straight line, f/p - Blork the orc
Aim: Blork the orc, wielding a +3 halberd of flaming and wearing a +0 robe (moderately wounded, fast, 60% to hit)
You throw a poisoned dart.
The poisoned dart closely misses Blork the orc.
Blork the orc looks angry.
Blork the orc hits you from afar with a +3 halberd of flaming!
Blork the orc burns you.
Blork the orc looks satisfied for a moment.
Blork the orc hits you from afar with a +3 halberd of flaming.
* * * LOW HITPOINT WARNING * * *
Blork the orc burns you.
* * * LOW HITPOINT WARNING * * *
Throw: 19 darts (poison)
Press: ? - help, Q - select action, (/) - cycle Shift-Dir - straight line, f/p - Blork the orc
Aim: Blork the orc, wielding a +3 halberd of flaming and wearing a +0 robe (moderately wounded, fast, 60% to hit)
You throw a poisoned dart. The poisoned dart hits Blork the orc.
Blork the orc is moderately wounded.
Blork the orc hits you from afar with a +3 halberd of flaming!
* * * LOW HITPOINT WARNING * * *
Blork the orc burns you.
You die...

.........# .........# ###
.........# #.. .........#######.#
...............#.#
..........####.#.# .......
........#.#....#.#
.........##########.#.##.###.#
###.............@.o........(...((
............##########)#.##.##.##
.......... #.#.....#.##
............##########.#.##..#.##
...................))........#.##
...#############...###†#####.#.##
...................##.... .#.##
.#.#..#########....##...## ##.##
.#.##+## #....##...# #..


You could see Blork the orc (fast).

Vanquished Creatures
  Grinder (D:2)
  Eustachio (D:4)
  A phantom (D:3)
  Crazy Yiuf (D:2)
  2 orc wizards (D:4)
  3 gnolls (D:2)
  6 adders
  An ufetubus (D:4)
  A dart slug (D:1)
  A worm (D:2)
  3 orcs (D:4)
  4 ball pythons (D:2)
  4 endoplasms
  6 giant cockroaches
  4 goblins (D:1)
  8 hobgoblins
  6 jackals
  4 kobolds
  5 quokkas
  10 bats
  5 frilled lizards
  4 rats
81 creatures vanquished.

Notes
Turn   | Place    | Note
-------+----------+-------------------------------------------
     0 | D:1      | Ayyar the Gargoyle Fighter began the quest for the Orb.
     0 | D:1      | Reached XP level 1. HP: 14/14 MP: 1/1
   113 | D:1      | Reached XP level 2. HP: 15/19 MP: 2/2
   712 | D:1      | Reached XP level 3. HP: 23/23 MP: 3/3
   845 | D:1      | Found a faded altar of an unknown god.
  1612 | D:2      | Reached skill level 3 in Maces & Flails
  1703 | D:2      | Reached XP level 4. HP: 26/29 MP: 4/4
  1944 | D:2      | Found Geuro's Assorted Antiques.
  2399 | D:2      | Reached XP level 5. HP: 33/33 MP: 5/5
  2643 | D:2      | Found a runed translucent door.
  2644 | D:2      | Noticed Crazy Yiuf
  2652 | D:2      | Killed Crazy Yiuf
  2957 | D:3      | Noticed a phantom
  2992 | D:3      | Killed a phantom
  2993 | D:3      | Reached skill level 4 in Maces & Flails
  2993 | D:3      | Reached XP level 6. HP: 26/38 MP: 6/6
  3247 | D:3      | Noticed Grinder
  3255 | D:3      | Paralysed by Grinder for 6 turns
  3264 | D:2      | Paralysed by Grinder for 3 turns
  3276 | D:2      | Killed Grinder
  3277 | D:2      | Reached skill level 5 in Maces & Flails
  3277 | D:2      | Reached skill level 5 in Shields
  3371 | D:3      | Found Kirphu Ighyi's Book Emporium.
  3516 | D:3      | Reached XP level 7. HP: 43/43 MP: 7/7
  3795 | D:4      | Found Xehup's Jewellery Boutique.
  3850 | D:4      | Noticed Eustachio
  3886 | D:4      | Killed Eustachio
  3887 | D:4      | Reached skill level 6 in Maces & Flails
  3994 | D:4      | Noticed Blork the orc
  4021 | D:4      | Slain by Blork the orc

Illustrated notes

Levels and vault maps discovered:
D:1:      denvon_arrival_planthouse, layout_loops_corners,
          shapermc_ecumenical_altar_mp_vishouse
D:2:      layout_basic, serial_shops, nicolae_lakefront_shop,
          minmay_close_crescents, uniq_crazy_yiuf_cottage
D:3:      layout_loops_ring, serial_shops, nicolae_shop_waterfront, uniq_grinder
D:4:      layout_basic, pdpol_wu_jian_five_deadly_venoms, xom_teletrap_fun,
          serial_shops, nicolae_shop_hallway_plus,
          nicolae_shop_advertising_works [nicolae_subvault_shop_adworks],
          minmay_fountain_box, uniq_eustachio, uniq_blork_the_orc, uniq_menkaure

Skill      XL: |  1  2  3  4  5  6  7 |
---------------+----------------------+-----
Maces & Flails | 3 4 5 6 |  6.1
Fighting       | 4 |  4.0
Shields        | 4 5 |  5.9
Armour         | 4 |  4.0

Action                   |  1- 3 |  4- 6 |  7- 9 || total
-------------------------+-------+-------+-------++-------
Melee: Flail             |    93 |       |       ||    93
       Mace              |    28 |   155 |    45 ||   228
Throw: Dart              |       |       |    12 ||    12
  Use: Potion            |       |     1 |       ||     1
Armor: Scale mail        |    56 |   113 |    47 ||   216
Dodge: Dodged            |    46 |    67 |    19 ||   132
Block: Buckler           |    33 |    29 |    12 ||    74

Table legend: (Time is in decaauts)
 A = Elapsed time spent in this place.
 B = Non-inter-level travel time spent in this place.
 C = Inter-level travel time spent in this place.
 D = Time resting spent in this place.
 E = Time spent auto-exploring this place.
 F = Levels seen in this place.
 G = Mean time per level.
                   A        B        C        D        E       F      G
               +--------+--------+--------+--------+--------+-----+--------+
         Total |   4093 |   3985 |    108 |    623 |   2585 |   4 | 1023.2 |
       Dungeon |   4093 |   3985 |    108 |    623 |   2585 |   4 | 1023.2 |
               +--------+--------+--------+--------+--------+-----+--------+

Top non-repeatable levels by time:
     D:2: 1828 daAuts
     D:1: 1198 daAuts
     D:3: 771 daAuts
     D:4: 294 daAuts
